Map: 蓝移-天梯版

Players

晴空灬未岛 - Winner!

  • Race: Zerg Zerg
  • League: Master

肉多大魔王

  • Race: Protoss Protoss
  • League: Master

VOD

Have the link to the VOD?

Description

Time

  • Played on: Nov. 26, 2018, 7:17 a.m.
  • Length: 4:23
Show
View Real Time Build Order
Export as new Build Order

晴空灬未岛 Zerg - Winner!

Build Orders: Pool First, Ravager All-In 

Get SALT Encoding   

  12  0:01  Drone  
  13  0:08  Drone  
  14  0:17  Overlord  
  14  0:35  Drone x3  
  17  0:46  Spawning Pool  
  17  0:48  Drone  
  17  1:10  Hatchery  
  16  1:13  Drone  
  16  1:16  Extractor  
  19  1:32  Zergling x6  
  19  1:33  Queen  
  21  1:44  Drone  
  22  1:57  Roach Warren, Extractor, Drone  
  21  2:06  Overlord  
  19  2:39  Roach  
  19  2:40  Roach x4  
  29  2:48  Overlord  
  29  2:58  Drone  
  30  3:01  Ravager  
  30  3:02  Ravager  
  32  3:06  Drone  
  32  3:07  Ravager  
  34  3:15  Drone  
  35  3:25  Drone  
  35  3:27  Ravager  
  36  3:30  Drone  
  37  3:35  Drone  
  37  3:37  Ravager  
  39  3:44  Drone  
  39  3:46  Drone  
  41  3:55  Drone x2  
  42  3:56  Drone  
Show
View Real Time Build Order
Export as new Build Order

肉多大魔王 Protoss 

Build Orders: 1 Gate Expand 

Get SALT Encoding   

  12  0:07  Probe  
  13  0:19  Probe  
  13  0:20  Pylon  
  14  0:31  Probe  
  15  0:41  Gateway  
  15  0:43  Probe  
  16  0:52  Probe  
  17  0:59  Assimilator  
  17  1:00  Probe  
  17  1:09  Probe  
  19  1:21  Probe  
  20  1:31  Nexus  
  20  1:42  Cybernetics Core  
  20  1:45  Probe  
  21  1:51  Pylon  
  21  1:52  Zealot  
  20  1:56  Assimilator  
  22  2:11  Gateway  
  22  2:13  Adept  
  22  2:18  Assimilator  
  24  2:37  Gateway  
  24  2:43  Adept  
  26  2:45  Probe x2  
  28  2:54  Twilight Council  
  28  2:57  Probe  
  30  2:58  Probe  
  30  3:06  Adept  
  30  3:10  Probe  
  33  3:14  Probe  
  34  3:22  Probe  
  35  3:30  Shield Battery  
  35  3:37  Pylon  
  35  3:53  Pylon  
  27  4:15  Pylon  
Tags
 
Add a new tag
Caveats
  • Supply blocks, unpowered buildings, or Contaminate may cause inaccurate times.
  • Supply counts are checked every 10 seconds.